 Dungeon Crawl Stone Soup version 0.29-a0-551-gffc1d7fb78 (webtiles) character file.

Game seed: 16072425692919586665

4584 NateTC the Cleaver (level 10, -5/93 HPs)
             Began as a Minotaur Fighter on June 5, 2022.
             Was a High Priest of Okawaru.
             Slain by a komodo dragon (19 damage)
             ... on level 8 of the Dungeon.
             The game lasted 00:25:03 (8245 turns).

NateTC the Cleaver (Minotaur Fighter)               Turns: 8245, Time: 00:25:04

Health: -5/93      AC: 14    Str: 23    XL:     10   Next: 18%
Magic:  9/9        EV:  6    Int:  5    God:    Okawaru [*****.]
Gold:   422        SH:  4    Dex: 10    Spells: 9/9 levels left

rFire   + . .      SeeInvis +   a - +1 war axe (flame)
rCold   + . .      Faith    +   c - +0 buckler
rNeg    . . .      Spirit   .   f - +1 plate armour
rPois   .          Reflect  .   (helmet restricted)
rElec   .          Harm     .   m - scarf {rC+ rF+}
rCorr   .          Rampage  .   (no gloves)
Will    .....                   (no boots)
Stlth   ..........              k - amulet of faith
HPRegen 0.25/turn               t - ring of see invisible
MPRegen 0.11/turn               (no ring)

@: no status effects
A: horns 2, retaliatory headbutt, weak 1
a: Renounce Religion, Heroism, Finesse, Duel


You were on level 8 of the Dungeon.
You worshipped Okawaru.
Okawaru was extremely pleased with you.
You visited 2 branches of the dungeon, and saw 9 of its levels.
You also visited: Sewer.

You collected 422 gold pieces.

Inventory:

Hand Weapons
 a - a +1 war axe of flaming (weapon)
Missiles
 w - a throwing net
Armour
 c - a +0 buckler (worn)
 f - a +1 plate armour (worn)
 m - a scarf of resistance (worn)
Jewellery
 k - an amulet of faith (around neck)
 t - a ring of see invisible (left hand)
 y - a ring of protection from fire
 A - an amulet of reflection
Wands
 u - a wand of iceblast (11)
Scrolls
 g - a scroll of fear
 i - 2 scrolls of immolation
 o - 5 scrolls of teleportation
 p - 2 scrolls of fog
 B - a scroll of blinking
Potions
 b - a potion of ambrosia
 d - 2 potions of might
 e - a potion of attraction
 h - 2 potions of resistance
 j - 3 potions of heal wounds
 l - 4 potions of curing
 n - 4 potions of invisibility
 q - a potion of magic {unknown}
 r - 2 potions of haste
 s - 2 potions of mutation
 v - a potion of flight {unknown}
 x - a potion of lignification


   Skills:
 - Level 10.0 Fighting
 * Level 14.1 Axes
 - Level 7.0 Armour
 - Level 3.6 Shields


You had 9 spell levels left.
You didn't know any spells.
Your spell library contained the following spells:

 Spells                   Type           Power      Damage    Failure   Level
 Blink                    Tloc           0%         N/A       100%        2
 Lesser Beckoning         Tloc           0%         N/A       100%        3
 Manifold Assault         Tloc           0%         N/A       100%        5


Dungeon Overview and Level Annotations

Branches:
Dungeon (8/15)             Temple (0/1) D:4            Lair (1/6) D:8
  Sewer (visited)

Altars:
Makhleb
Okawaru
Vehumet
Xom

Shops:
D:4 *

Annotations:
D:2 1 runed translucent door, Crazy Yiuf
D:7 1 runed translucent door


Innate Abilities, Weirdness & Mutations

You have a pair of horns on your head.
You reflexively headbutt those who attack you in melee.
You are weak. (Str -2)


Message History

The wolf pauses to sniff the ground.
You block the wolf's attack. The wolf bites you but does no damage.
The wolf attacks as you move away! The wolf bites you but does no damage.
The wolf barely misses you. You block the wolf's attack.
The wolf attacks as you move away! The wolf bites you.
The wolf barely misses you. x2; You block the wolf's attack.
The wolf closely misses you. You furiously retaliate!
You headbutt the wolf!
You kill the wolf!
Okawaru accepts your kill. The wolf bites you but does no damage.
Your Axes skill increases to level 14!
The komodo dragon attacks as you move away!
The komodo dragon barely misses you. The wolf attacks as you move away!
The wolf bites you. The wolf bites you but does no damage.
There is a staircase back to the Dungeon here.
The wolf completely misses you.
The komodo dragon bites you but does no damage.
You climb upwards.
Welcome back to the Dungeon!
There is a staircase to the Lair here.
You slash the wolf! You burn the wolf. You headbutt the wolf.
You kill the wolf!
Okawaru accepts your kill.
You hit the komodo dragon but do no damage.
You hit the komodo dragon. You burn the komodo dragon.
The komodo dragon is lightly wounded.
The komodo dragon hisses menacingly.
You block the komodo dragon's attack.
You slash the komodo dragon! You burn the komodo dragon.
Your headbutt misses the komodo dragon.
The komodo dragon is heavily wounded.
The komodo dragon bites you!!
* * * LOW HITPOINT WARNING * * *
You slash the komodo dragon! You burn the komodo dragon.
The komodo dragon is severely wounded.
The komodo dragon completely misses you.
You slash the komodo dragon! You burn the komodo dragon.
Your headbutt misses the komodo dragon.
The komodo dragon is almost dead.
The komodo dragon bites you!!
You die...

##.......###....
###...............
#.#...............
##..>.##...........
#.....#.......###..
##.............##...
##....####.......##..
###...†.###............
##.....@..###.......##..
#.......l.# ##......#.#.
##..#<...## ##........)
##.#....######......)))
#.........##........)..
##..)|.......#..........
#........#...#.....)..#.
##...#..##.........)).#.
#...#................##


You could see a komodo dragon.

Vanquished Creatures
  3 yaks (D:8)
  Eustachio (D:6)
  A steam dragon (D:8)
  Menkaure (D:6)
  4 water moccasins
  2 orc warriors
  3 ice beasts
  3 ogres
  5 wolves
  3 centaurs
  A phantom (D:7)
  2 kobold brigands
  3 bullfrogs
  A necrophage (D:7)
  A gnoll sergeant (D:6)
  5 scorpions
  5 wights
  A howler monkey (D:8)
  4 orc priests
  2 hounds
  A jelly (D:5)
  A gnoll shaman (D:5)
  2 iguanas (D:4)
  8 orc wizards
  A statue (D:7)
  Robin (D:2)
  3 adders
  10 gnolls
  A shadow imp (D:7)
  2 white imps
  2 ufetubi
  4 worms
  2 dart slugs
  32 orcs
  10 ball pythons
  11 endoplasms
  8 giant cockroaches
  14 goblins
  5 hobgoblins
  36 kobolds
  4 quokkas (D:4)
  7 bats
  5 rats
  2 bushes (D:4)
223 creatures vanquished.

Vanquished Creatures (others)
  A wight (D:7)
  2 fungi
  4 plants
7 creatures vanquished.

Grand Total: 230 creatures vanquished

Notes
Turn   | Place    | Note
-------+----------+-------------------------------------------
     0 | D:1      | NateTC the Minotaur Fighter began the quest for the Orb.
     0 | D:1      | Reached XP level 1. HP: 19/19 MP: 0/0
   211 | D:1      | Reached XP level 2. HP: 28/28 MP: 1/1
   461 | D:1      | Found a faded altar of an unknown god.
   807 | D:2      | Noticed Robin
   810 | D:2      | Reached skill level 5 in Fighting
   818 | D:2      | Reached XP level 3. HP: 23/36 MP: 2/2
   818 | D:2      | Killed Robin
   819 | D:2      | Reached skill level 3 in Axes
  1255 | D:2      | Found a runed translucent door.
  1256 | D:2      | Noticed Crazy Yiuf
  1511 | D:3      | Reached skill level 4 in Axes
  1511 | D:3      | Reached XP level 4. HP: 41/42 MP: 3/3
  1620 | D:3      | Identified the +5 hunting sling "Heophur" {vorpal, Contam
                  | rPois rF+ Stlth+}
  1642 | D:3      | Gained mutation: You are weak. (Str -2) [mutagenic glow]
  1832 | D:3      | Found an iron altar of Okawaru.
  1843 | D:3      | Became a worshipper of Warmaster Okawaru
  2207 | D:3      | Found a shimmering altar of Xom.
  2373 | D:4      | Found Dumoxkim's Overcharged Wands.
  2379 | D:4      | Reached skill level 5 in Axes
  2418 | D:4      | Found a glowing drain.
  2437 | Sewer    | Entered a sewer
  2527 | Sewer    | Reached XP level 5. HP: 42/48 MP: 4/4
  2767 | D:4      | Noticed an ogre
  2774 | D:4      | Killed an ogre
  2775 | D:4      | Reached skill level 6 in Axes
  2872 | D:4      | Reached * piety under Okawaru
  3061 | D:4      | Reached skill level 7 in Axes
  3061 | D:4      | Reached XP level 6. HP: 49/56 MP: 5/5
  3128 | D:4      | Found a staircase to the Ecumenical Temple.
  3442 | D:4      | Reached skill level 8 in Axes
  3778 | D:5      | Entered Level 5 of the Dungeon
  3786 | D:5      | Reached skill level 5 in Armour
  3786 | D:5      | Reached XP level 7. HP: 61/61 MP: 6/6
  3842 | D:5      | Reached ** piety under Okawaru
  4178 | D:5      | Reached XP level 8. HP: 68/68 MP: 7/7
  4223 | D:5      | Reached skill level 9 in Axes
  4649 | D:6      | Reached *** piety under Okawaru
  4779 | D:6      | Reached skill level 10 in Axes
  4813 | D:6      | Noticed Menkaure
  5115 | D:6      | Killed Menkaure
  5404 | D:6      | Noticed Eustachio
  5429 | D:6      | Killed Eustachio
  5429 | D:6      | Reached **** piety under Okawaru
  5430 | D:6      | Reached skill level 11 in Axes
  5454 | D:6      | Reached XP level 9. HP: 71/81 MP: 8/8
  5752 | D:7      | Found a runed translucent door.
  5753 | D:7      | Found a burning altar of Makhleb.
  5753 | D:7      | Noticed a sixfirhy
  5968 | D:7      | Reached skill level 10 in Fighting
  6136 | D:7      | Found a radiant altar of Vehumet.
  6912 | D:8      | Found a staircase to the Lair.
  6956 | D:8      | Reached skill level 12 in Axes
  7111 | D:8      | Reached ***** piety under Okawaru
  7126 | D:8      | Reached skill level 13 in Axes
  7507 | D:8      | Reached XP level 10. HP: 6/93 MP: 9/9
  7509 | D:8      | HP: 4/93 [poisoned by a kobold]
  8204 | Lair:1   | Entered Level 1 of the Lair of Beasts
  8230 | Lair:1   | Identified the +1 ring mail "Loqakac" {Harm rC+} (Okawaru
                  | gifted it to you on level 1 of the Lair of Beasts)
  8230 | Lair:1   | Received a gift from Okawaru
  8233 | Lair:1   | Noticed a black mamba
  8238 | Lair:1   | Reached skill level 14 in Axes
  8245 | D:8      | Slain by a komodo dragon

Illustrated notes

Levels and vault maps discovered:
D:1:      dpeg_arrival_prison, layout_rooms, serial_rivers,
          chequers_serial_rivers_micro_a, chequers_serial_rivers_small_b,
          chequers_serial_rivers_small_3, chequers_serial_rivers_micro_d,
          ebering_ecumenical_altar_box, st_stairs_2, minmay_pentomino_p2
D:2:      layout_loops_cross, uniq_crazy_yiuf_cottage, uniq_robin
D:3:      layout_basic, kennysheep_okawaru_gauntlet, marbit_many_paths
D:4:      layout_loops_corners, minmay_temple_entry_waves, serial_forest,
          infiniplex_forest_straight_4, infiniplex_forest_end_2,
          infiniplex_forest_lined_4_way, infiniplex_forest_clump_long,
          infiniplex_forest_clump_cross, infiniplex_forest_zigzag_1,
          infiniplex_forest_clump_small, infiniplex_forest_clump_tiny,
          infiniplex_forest_lined_3_way, portal_sewer_entry_f,
          nicolae_shop_overcharged_wands
D:5:      layout_cave_pools, minmay_between
D:6:      layout_cave_pools, serial_park, serial_park_avenue1,
          serial_park_tiny_pond, serial_park_square1
          [serial_park_minivault_5x5_5], serial_park_tiny_pond, uniq_eustachio,
          uniq_menkaure
D:7:      layout_basic, vehumet_statue, nzn_makhleb_speed_demon
D:8:      layout_cave_pools, lair_entry_dummy
Lair:1:   minmay_lair_venomous_thicket, layout_hall_layers,
          grunt_forest_large_clearings, lemuel_fruit_tree

Skill      XL: |  1  2  3  4  5  6  7  8  9 10 |
---------------+-------------------------------+-----
Fighting       | 4 5 7 10 | 10.0
Axes           | 4 5 7 8 11 13 14 | 14.1
Armour         | 5 7 |  7.0
Shields        | |  3.6

Action                   |  1- 3 |  4- 6 |  7- 9 | 10-12 || total
-------------------------+-------+-------+-------+-------++-------
Melee: War axe           |    72 |   164 |   183 |    28 ||   447
       Headbutt          |    10 |    35 |    33 |     4 ||    82
  Use: Scroll            |     5 |     8 |     9 |     2 ||    24
       Potion            |       |     1 |     1 |       ||     2
Armor: Plate armour      |    61 |    96 |   155 |    22 ||   334
       Scale mail        |     4 |       |       |       ||     4
Dodge: Dodged            |    20 |    37 |    75 |    16 ||   148
Block: Buckler           |    13 |    29 |    27 |    12 ||    81

Table legend: (Time is in decaauts)
 A = Elapsed time spent in this place.
 B = Non-inter-level travel time spent in this place.
 C = Inter-level travel time spent in this place.
 D = Time resting spent in this place.
 E = Time spent auto-exploring this place.
 F = Levels seen in this place.
 G = Mean time per level.
                   A        B        C        D        E       F      G
               +--------+--------+--------+--------+--------+-----+--------+
         Total |   8350 |   8101 |    249 |   1873 |   3544 |  10 |  835.0 |
       Dungeon |   7992 |   7744 |    248 |   1869 |   3408 |   8 |  999.0 |
          Lair |     33 |     33 |      0 |      0 |      0 |   1 |   33.0 |
         Sewer |    324 |    324 |      0 |      4 |    136 |   1 |  324.0 |
               +--------+--------+--------+--------+--------+-----+--------+

Top non-repeatable levels by time:
     D:8: 1291 daAuts
     D:4: 1288 daAuts
     D:5: 1269 daAuts
     D:7: 1166 daAuts
     D:2: 858 daAuts
     D:3: 759 daAuts
     D:6: 706 daAuts
     D:1: 650 daAuts
   Sewer: 324 daAuts
  Lair:1: 33 daAuts
